 Dungeon Crawl Stone Soup version 0.20-a0-809-gaf7f668 (webtiles) character file.

6748 theclanless the Blocker (level 11, -6/56 HPs)
             Began as a Vine Stalker Fighter on Mar 2, 2017.
             Was a Follower of Wu Jian.
             Mangled by a sixfirhy (9 damage)
             ... on level 8 of the Dungeon on Mar 3, 2017.
             The game lasted 00:23:47 (6588 turns).

theclanless the Blocker (Vine Stalker Fighter)      Turns: 6588, Time: 00:23:48

Health: -6/56      AC:  8    Str: 23    XL:     11   Next: 4%
Magic:  0/20       EV: 13    Int:  8    God:    Wu Jian [*.....]
Gold:   519        SH: 11    Dex: 13    Spells: 21/21 levels left

rFire    . . .     SeeInvis .   a - +7 long sword (curse)
rCold    . . .     Gourm    .   E - +0 steam dragon scales
rNeg     . . .     Faith    .   c - +0 shield
rPois    .         Spirit   +   r - +0 hat
rElec    .         Reflect  .   k - +0 cloak
rCorr    .         Harm     .   z - +0 pair of gloves
MR       +....     Rnd*Rage +   (no boots)
Stlth    ++........             o - amulet of magic regeneration
Regen    0.6/turn               (no ring)
MPRegen  0.3/turn               v - ring of flight

@: no status effects
A: antennae 1, fangs 3, camouflage 1, berserk 1, regeneration 1, magic shield,
antimagic bite, no potion heal 3, rot immunity, MP-powered wands
a: Renounce Religion, Evoke Flight


You were on level 8 of the Dungeon.
You worshipped Wu Jian.
Wu Jian was aware of your devotion.
You were not hungry.

You visited 2 branches of the dungeon, and saw 9 of its levels.

You collected 519 gold pieces.

Inventory:

Hand Weapons
 a - a cursed +7 long sword (weapon)
 u - a cursed -1 dagger
 B - a +0 short sword of protection
 C - a +1 short sword
 K - a +0 long sword of protection
Missiles
 m - 10 javelins (quivered)
Armour
 b - a +0 scale mail
 c - a +0 shield (worn)
 g - a +1 leather armour of cold resistance
 k - a +0 cloak (worn)
 r - a +0 hat (worn)
 z - a +0 pair of gloves (worn)
 E - +0 steam dragon scales (worn)
Jewellery
 o - an amulet of magic regeneration (around neck)
 v - a ring of flight (left hand)
Wands
 i - a wand of lightning (7/15)
 D - a wand of random effects (28/48)
 F - a wand of lightning (7/15)
 G - a wand of iceblast (9/15)
 H - a wand of disintegration (14/24)
 J - a wand of random effects (22/48)
 L - a wand of polymorph (17/24)
 O - a wand of flame (31/48)
Scrolls
 e - a scroll of teleportation
 j - 2 scrolls of recharging
 A - a scroll of identify
 M - 2 scrolls of remove curse
Potions
 l - 4 potions of curing
 q - a potion of agility
 t - a potion of brilliance
 N - 2 potions of lignification
Books
 n - a book of Geomancy

   Spells                             Type                      Level
   a - Sandblast                      Earth                        1
   b - Passwall                       Transmutation/Earth          2
   c - Stone Arrow                    Conjuration/Earth            3
   d - Petrify                        Transmutation/Earth          4
   e - Lee's Rapid Deconstruction     Earth                        5
 p - a book of Changes

   Spells                             Type                      Level
   a - Beastly Appendage              Transmutation                1
   b - Sticks to Snakes               Transmutation                2
   c - Spider Form                    Transmutation/Poison         3
   d - Ice Form                       Ice/Transmutation            4
   e - Blade Hands                    Transmutation                5
 s - a book of Cantrips

   Spells                             Type                      Level
   a - Confusing Touch                Hexes                        1
   b - Animate Skeleton               Necromancy                   1
   c - Summon Small Mammal            Summoning                    1
   d - Apportation                    Translocation                1
 x - Vehumet's Incunabulum of Confrontation
   (You found it on level 4 of the Dungeon)

   Spells                             Type                      Level
   a - Magic Dart                     Conjuration                  1
 y - a book of Maledictions

   Spells                             Type                      Level
   a - Corona                         Hexes                        1
   b - Ensorcelled Hibernation        Hexes/Ice                    2
   c - Confuse                        Hexes                        3
   d - Tukima's Dance                 Hexes                        3
   e - Dazzling Spray                 Conjuration/Hexes            3
Comestibles
 d - 5 fruits
 f - 6 bread rations
 h - 7 meat rations
 w - 2 chunks of flesh
 I - 4 royal jellies


   Skills:
 + Level 6.2 Fighting
 - Level 7.9 Short Blades
 * Level 0.1(4.8) Long Blades
 + Level 5.4 Armour
 + Level 4.4 Dodging
 * Level 8.1 Shields
 + Level 5.5 Spellcasting


You had 21 spell levels left.
You didn't know any spells.

Dungeon Overview and Level Annotations

Branches:
Dungeon (8/15)             Temple (1/1) D:5
   Lair: D:8-11

Altars:
Ashenzari
Cheibriados
Dithmenos
Elyvilon
Fedhas
Gozag
Hepliaklqana
Kikubaaqudgha
Makhleb
Nemelex Xobeh
Okawaru
Qazlal
Ru
Sif Muna
Uskayaw
Vehumet
Wu Jian
Xom
Yredelemnul
Zin
The Shining One


Innate Abilities, Weirdness & Mutations

You have razor-sharp teeth.
Your natural rate of healing is unusually fast.
When hurt, damage is shared between your health and your magic reserves.
Your bite disrupts and absorbs the magic of your enemies.
Potions cannot restore your health.
You are immune to rotting.
You have a pair of small antennae on your head.
Your skin changes colour to match your surroundings (Stealth+).
You tend to lose your temper in combat.
You expend magic power (3 MP) to strengthen your wands.


Message History

The sixfirhy is almost dead.
You block the sixfirhy's attack. The sixfirhy barely misses you.
The sixfirhy misses you.
The sixfirhy hits you but does no damage.
The sixfirhy hits you. The sixfirhy shocks you!
* * * LOW HITPOINT WARNING * * *
You miss the sixfirhy.
The sixfirhy is severely wounded.
You miss the sixfirhy. Your bite misses the sixfirhy.
The sixfirhy is severely wounded.
You miss the sixfirhy. Your bite misses the sixfirhy.
The sixfirhy is severely wounded.
You block the sixfirhy's attack. The sixfirhy hits you.
* * * LOW HITPOINT WARNING * * *
The sixfirhy shocks you!
* * * LOW HITPOINT WARNING * * *
The sixfirhy hits you.
* * * LOW HITPOINT WARNING * * *
The sixfirhy shocks you!
You die...

...# #..###..#.##. ##.#
######..###..#.### ##.####
#..............#_#
......##########.####..####.###.#
##.##............# #..# ##.##...
#.##################..# #..#..#.
#.# #.....#..###..#.### #.#
#.###.#......##.### ##.#
#.@3#....##.##..._# [..#
#.###...##.##_....# ####
#.....#.##.###..._#
#######.##.####.### #.###...#.###
#.# #...#..#. #.# #...##... #.#
#....##.# ###.###.....#_#


You could see a sixfirhy.

Vanquished Creatures
  A manticore (D:7)
  The ghost of Bigslacks the Cleaver, a novice HOMo (D:6)
  3 polar bears (D:7)
  The ghost of MolotovDodgeball the Slasher, an amateur OpCK of Xom (D:3)
  2 hogs (D:7)
  5 yaks (D:7)
  The ghost of deifeln the Archer, an amateur CeHu (D:4)
  A hungry ghost (D:8)
  Menkaure (D:5)
  3 steam dragons
  A water moccasin (D:7)
  Duvessa (D:4)
  2 sky beasts
  3 black bears (D:7)
  An eye of draining (D:8)
  A phantom (D:6)
  2 ice beasts
  2 centaurs (D:8)
  5 ogres
  3 bullfrogs
  Blork the orc (D:5)
  Dowan (D:4)
  A scorpion (D:4)
  9 wights (D:6)
  4 crimson imps
  4 hounds
  3 orc priests
  2 bullfrog skeletons
  A centaur skeleton (D:8)
  7 orc wizards
  3 iguanas
  Ijyb (D:2)
  4 worker ants
  A hound skeleton (D:6)
  13 gnolls
  12 adders
  3 shadow imps
  An ooze (D:5)
  An adder skeleton (D:3)
  4 worms
  2 dart slugs
  A leopard gecko (D:3)
  29 orcs
  2 ball pythons
  9 giant cockroaches
  6 hobgoblins
  2 jackals (D:2)
  A quokka (D:3)
  5 bats
  3 frilled lizards
  5 goblins
  A jackal zombie (D:5)
  7 kobolds
  2 quokka skeletons
  6 rats
  A fungus (D:2)
198 creatures vanquished.

Vanquished Creatures (others)
  An orc (D:7)
  2 fungi
3 creatures vanquished.

Grand Total: 201 creatures vanquished

Notes
Turn   | Place    | Note
-------+----------+-------------------------------------------
     0 | D:1      | theclanless the Vine Stalker Fighter began the quest for the Orb.
     0 | D:1      | Reached XP level 1. HP: 11/11 MP: 2/2
   111 | D:1      | Reached XP level 2. HP: 6/16 MP: 1/3
   465 | D:2      | Reached XP level 3. HP: 19/19 MP: 4/4
   466 | D:2      | Noticed Ijyb
   479 | D:2      | Killed Ijyb
   479 | D:2      | Reached skill level 3 in Shields
   479 | D:2      | Reached skill level 1 in Spellcasting
   570 | D:2      | Gained mutation: Your natural rate of healing is unusually fast. [Vine Stalker growth]
   570 | D:2      | Reached XP level 4. HP: 19/24 MP: 6/6
   658 | D:2      | Found a white marble altar of Elyvilon.
   663 | D:2      | Became a worshipper of Elyvilon the Healer
   673 | D:2      | Reached skill level 1 in Dodging
  1137 | D:3      | Reached XP level 5. HP: 13/28 MP: 7/7
  1381 | D:3      | Noticed MolotovDodgeball's ghost (amateur OpCK)
  1392 | D:3      | Killed MolotovDodgeball's ghost
  1392 | D:3      | Reached XP level 6. HP: 14/32 MP: 5/9
  1395 | D:3      | Reached * piety under Elyvilon
  1805 | D:3      | Reached XP level 7. HP: 13/37 MP: 10/10
  1931 | D:3      | Found a hazy altar of Hepliaklqana.
  2089 | D:3      | Gained mutation: You are dopey. (Int -2) [potion of mutation]
  2089 | D:3      | Gained mutation: Armour fits poorly on your strangely shaped body. [potion of mutation]
  2089 | D:3      | Gained mutation: You are partially covered in icy blue scales. (AC +2) [potion of mutation]
  2090 | D:3      | Lost mutation: You are dopey. (Int -2) [potion of mutation]
  2090 | D:3      | Lost mutation: You are partially covered in icy blue scales. (AC +2) [potion of mutation]
  2090 | D:3      | Lost mutation: Armour fits poorly on your strangely shaped body. [potion of mutation]
  2090 | D:3      | Gained mutation: Armour fits poorly on your strangely shaped body. [potion of mutation]
  2090 | D:3      | Gained mutation: You are robust. (+10% HP) [potion of mutation]
  2090 | D:3      | Gained mutation: You are agile. (Dex +2) [potion of mutation]
  2091 | D:3      | Lost mutation: Armour fits poorly on your strangely shaped body. [potion of mutation]
  2091 | D:3      | Lost mutation: You are robust. (+10% HP) [potion of mutation]
  2091 | D:3      | Lost mutation: You are agile. (Dex +2) [potion of mutation]
  2091 | D:3      | Gained mutation: You have a pair of small antennae on your head. [potion of mutation]
  2091 | D:3      | Gained mutation: You tend to lose your temper in combat. [potion of mutation]
  2091 | D:3      | Gained mutation: You expend magic power (3 MP) to strengthen your wands. [potion of mutation]
  2091 | D:3      | Gained mutation: Your skin changes colour to match your surroundings (Stealth+). [potion of mutation]
  2167 | D:3      | Reached skill level 4 in Shields
  2443 | D:4      | Noticed deifeln's ghost (amateur CeHu)
  2457 | D:4      | Killed deifeln's ghost
  2756 | D:4      | Gained mutation: You have razor-sharp teeth. [Vine Stalker growth]
  2756 | D:4      | Reached XP level 8. HP: 35/42 MP: 10/12
  2830 | D:4      | Noticed Duvessa
  2840 | D:4      | Noticed Dowan
  2848 | D:4      | Killed Duvessa
  2859 | D:4      | Killed Dowan
  3148 | D:4      | Found a radiant altar of Vehumet.
  3150 | D:4      | Identified Vehumet's Incunabulum of Confrontation
  3155 | D:4      | Found an ancient bone altar of Kikubaaqudgha.
  3156 | D:4      | Found a deep blue altar of Sif Muna.
  3230 | D:5      | Entered Level 5 of the Dungeon
  3232 | D:5      | Reached ** piety under Elyvilon
  3403 | D:5      | Noticed Blork the orc
  3418 | D:5      | Killed Blork the orc
  3418 | D:5      | Reached skill level 5 in Shields
  3451 | D:5      | Found a staircase to the Ecumenical Temple.
  3460 | Temple   | Entered the Ecumenical Temple
  3692 | D:5      | Reached skill level 5 in Short Blades
  3981 | D:5      | Reached *** piety under Elyvilon
  4039 | D:5      | Noticed Menkaure
  4056 | D:5      | Killed Menkaure
  4199 | D:6      | Noticed Bigslacks's ghost (novice HOMo)
  4237 | D:6      | Killed Bigslacks's ghost
  4237 | D:6      | Reached skill level 6 in Shields
  4237 | D:6      | Reached XP level 9. HP: 25/46 MP: 13/15
  4484 | D:6      | Reached skill level 5 in Fighting
  4968 | D:6      | Found an ornate altar of the Wu Jian Council.
  4971 | D:6      | Fell from the grace of Elyvilon
  4971 | D:6      | Became a worshipper of the Wu Jian Council
  5018 | D:6      | Identified a scroll of acquirement
  5019 | D:6      | Got a crystal war axe
  5020 | D:6      | Identified the +5 war axe of Ludaurec {chop, MR+ Str+6} (You acquired it on level 6 of the Dungeon)
  5109 | D:6      | Found a glowing silver altar of Zin.
  5110 | D:6      | Noticed an angel
  5668 | D:7      | Reached XP level 10. HP: 22/51 MP: 15/17
  5704 | D:7      | Found a huge runed gate.
  5705 | D:7      | Found a huge runed gate.
  5705 | D:7      | Found a huge runed gate.
  5705 | D:7      | Found a huge runed gate.
  5706 | D:7      | Noticed a manticore
  5746 | D:7      | Reached skill level 7 in Shields
  5753 | D:7      | Killed a manticore
  5753 | D:7      | Reached skill level 5 in Armour
  5766 | D:7      | Reached * piety under Wu Jian
  5788 | D:7      | Reached skill level 5 in Spellcasting
  6175 | D:8      | Reached skill level 8 in Shields
  6377 | D:8      | Found an opulent altar of Gozag.
  6377 | D:8      | Found a faded altar of an unknown god.
  6385 | D:8      | Reached XP level 11. HP: 48/56 MP: 17/20
  6397 | D:8      | Found a faded altar of an unknown god.
  6399 | D:8      | Found an iron altar of Okawaru.
  6400 | D:8      | Found a sparkling altar of Nemelex Xobeh.
  6570 | D:8      | Found a runed door.
  6570 | D:8      | Noticed a sixfirhy
  6588 | D:8      | Mangled by a sixfirhy

Vault maps used:
D:1:      scummos_arrival_hexagon
D:2:      elyvilon_altar_4, minmay_gold_behind_fungi, uniq_iyjb
D:3:      marbit_many_paths, first_bread
D:4:      grunt_temple_overflow_magic_moments, uniq_duvessa
D:5:      temple_fountains, uniq_blork_the_orc, uniq_menkaure
D:6:      kennysheep_steamy, zin_angel, kennysheep_mini_moat
D:7:      lemuel_bear_cage
D:8:      cheibrodos_shockbox, lightli_temple_of_fire,
          chequers_temple_overflow_minitemple, basic_altar
Temple:   bh_familiar_temple

Skill      XL: |  1  2  3  4  5  6  7  8  9 10 |
---------------+-------------------------------+-----
Short Blades   | 2 3 4 5 6 7 |  7.9
Fighting       | 3 4 5 6 |  6.2
Shields        | 3 4 6 8 |  8.1
Spellcasting   | 1 2 3 4 5 |  5.5
Dodging        | 1 2 3 4 |  4.4
Armour         | 3 4 5 |  5.4
Long Blades    | |  0.1

Action                   |  1- 3 |  4- 6 |  7- 9 | 10-12 || total
-------------------------+-------+-------+-------+-------++-------
Melee: Rapier            |    88 |   126 |   176 |       ||   390
       Bite              |    30 |    32 |   173 |    70 ||   305
       Short sword       |       |       |   280 |    92 ||   372
       Long sword        |       |       |       |    59 ||    59
Throw: Javelin           |       |       |     3 |       ||     3
  Use: Scroll            |     1 |       |    12 |     2 ||    15
       Potion            |       |     1 |     6 |     3 ||    10
 Stab: Invisible         |       |     1 |       |       ||     1
       Sleeping          |       |       |     2 |     2 ||     4
       Distracted        |       |       |     1 |       ||     1
  Eat: Chunk             |       |     3 |    12 |     5 ||    20
       Fruit             |       |       |     1 |       ||     1
Armor: Scale mail        |    41 |    37 |   103 |       ||   181
       Steam dragon scal |       |       |    36 |    34 ||    70
Dodge: Dodged            |    20 |    40 |   112 |    62 ||   234
Block: Shield            |    49 |    59 |   204 |    68 ||   380
       Rpst.: Long sword |       |       |       |     7 ||     7
